 Dungeon Crawl Stone Soup version 0.31-a0-255-g9c3d1c461a (webtiles) character file.

Game seed: 956584517795777646

256 qw the Shooter (level 6, -4/37 HPs)
             Began as a Gargoyle Hexslinger on July 12, 2023.
             Slain by a bullfrog (6 damage)
             ... in a sewer.
             The game lasted 00:01:23 (2596 turns).

qw the Shooter (Gargoyle Hexslinger)                Turns: 2596, Time: 00:01:24

Health: -4/37      AC:  8    Str: 12    XL:     6   Next: 16%
Magic:  7/7        EV: 12    Int: 13    God:
Gold:   159        SH:  0    Dex: 14    Spells: 6/7 levels left

rFire   . . .        Y - +1 sling
rCold   + . .        (no shield)
rNeg    + . .        h - +2 robe {rC+}
rPois   inf          (no helmet)
rElec   +            (no cloak)
rCorr   +            (no gloves)
SInv    +            (no boots)
Will    .....        f - amulet of faith
Stlth   +            a - ring "Tamo" {rCorr SInv}
HPRegen 0.26/turn    (no ring)
MPRegen 0.10/turn

%: faith
@: very slow
A: sickness immunity, AC +4, negative energy resistance 1, electricity
resistance, torment resistance 1, petrification resistance
a: no special abilities


You were in a sewer.
You visited 1 branch of the dungeon, and saw 4 of its levels.
You also visited: Sewer.

You collected 159 gold pieces.


Innate Abilities, Weirdness & Mutations

You are immune to sickness and miasma.
Your stone body is resilient. (AC +4)
You are immune to poison.
You resist negative energy. (rN+)
You are resistant to electric shocks. (rElec)
You are resistant to unholy torment.
You are immune to petrification.


   Skills:
 - Level 3.0 Fighting
 + Level 5.6 Ranged Weapons
 - Level 1.5 Dodging
 - Level 1.0 Spellcasting
 - Level 2.6 Hexes


You had 6 spell levels left.
You knew the following spells:

 Your Spells              Type           Power      Damage    Failure   Level
a - Slow                  Hex            28%        N/A       10%         1

Your spell library contained the following spells:

 Spells                   Type           Power      Damage    Failure   Level
 Inner Flame              Hex/Fire       4%         N/A       43%         3
 Portal Projectile        Hex/Tloc       8%         N/A       43%         3
 Cause Fear               Hex            3%         N/A       67%         4

Inventory:

Hand Weapons
 Y - a +1 sling (weapon)
Armour
 h - a +2 robe of cold resistance (worn)
Jewellery
 a - the ring "Tamo" (left hand) {rCorr SInv}
   (You took it off an orc on level 4 of the Dungeon)

   [ring of resist corrosion]

   SInv:      It lets you see invisible.
   rCorr:     It protects you from acid and corrosion.
 f - an amulet of faith (around neck)
Scrolls
 i - a scroll of identify
Potions
 b - 2 potions of curing
 c - a potion of ambrosia {unknown}
 d - a potion of haste
 e - a potion of brilliance {unknown}
 j - a potion of magic {unknown}
 k - a potion of attraction {unknown}

Dungeon Overview and Level Annotations

Branches:
Dungeon (4/15)              Sewer (1/1)
 Temple: D:4-7

Altars:
Ashenzari
Gozag
Hepliaklqana
Nemelex Xobeh

Shops:
D:1 [


Message History

The bullfrog hits you but does no damage.
You shoot a sling bullet.
The sling bullet closely misses the bullfrog.
The sling bullet closely misses the giant cockroach.
The frilled lizard bites you. The bullfrog closely misses you.
The giant cockroach waves its antennae.
The frilled lizard bites you but does no damage.
You shoot a sling bullet.
The sling bullet closely misses the bullfrog.
The sling bullet barely misses the giant cockroach.
The bullfrog hits you. x2; The frilled lizard barely misses you.
You shoot a sling bullet.
The sling bullet closely misses the bullfrog.
The sling bullet barely misses the giant cockroach.
The bullfrog hits you but does no damage.
The frilled lizard barely misses you. The bullfrog closely misses you.
You shoot a sling bullet. The sling bullet hits the bullfrog.
The bullfrog is severely wounded.
The bullfrog hits you.
The frilled lizard bites you but does no damage.
You shoot a sling bullet.
The sling bullet barely misses the bullfrog.
The sling bullet hits the giant cockroach.
The giant cockroach is almost dead.
The bullfrog hits you. x2; The frilled lizard misses you.
You shoot a sling bullet. The sling bullet hits the bullfrog.
The bullfrog is almost dead.
The bullfrog barely misses you.
The frilled lizard bites you but does no damage.
The bullfrog hits you but does no damage.
You shoot a sling bullet.
The sling bullet barely misses the bullfrog.
The sling bullet closely misses the giant cockroach.
The sling bullet barely misses the giant cockroach.
The bullfrog hits you. The frilled lizard barely misses you.
The giant cockroach waves its antennae.
You shoot a sling bullet. The sling bullet hits the bullfrog.
The bullfrog is almost dead.
The bullfrog hits you.
You die...

#~~~~~# ~##~~ #%~~~~#
##~~~~~~~~~~~ ~~#~~ #~~~~~#
#~~~~~~~~.~~~ ~~~~~ #~~~~~#
#~~~~~~..$|B. ~~~~B #.~~~~#
#~~~~~~B[?$~~ ~~~~~ #.~~~~#
#~~~~~~~B?..~ ~~~~~ #.~~~.#
#~~~~~~~~B~~~ ~~~~~~ #.~~~.#
#~~l~F~~~~~~~~~~~~~~~ #.~~~~#
#~~~@~~~~~~~~~~~~~~.~
#~r~~.#######~~~~~~~~~~~~~~~~%~
#.~~~~~~.........~~~~~~~~~~..~~
#~~~~~~~~~~~~~~~~~~~~~~~~~~~~~~
#.~~~~~~~~~~~~~~~~~~~~~~~~~~~~~
#~~~~~~~~~~~~~~~~~~~~~~~~~~~~~~
#~~~~~..~......................
#~~~~~#########################
#~~~~~########


You could see a bullfrog, 4 giant cockroaches and a frilled lizard.

Vanquished Creatures
  A bullfrog (Sewer)
  An orc wizard (D:4)
  7 adders
  A gnoll (D:4)
  An ufetubus (D:4)
  A worm (D:3)
  2 dart slugs (D:4)
  5 orcs (D:4)
  10 ball pythons
  6 endoplasms
  12 giant cockroaches
  7 goblins
  2 hobgoblins
  2 jackals (D:3)
  6 quokkas
  6 bats
  15 frilled lizards
  7 kobolds
  5 rats
97 creatures vanquished.

Notes
Turn   | Place    | Note
-------+----------+-------------------------------------------
     0 | D:1      | qw the Gargoyle Hexslinger began the quest for the Orb.
     0 | D:1      | Reached XP level 1. HP: 12/12 MP: 2/2
     0 | D:1      | 0 ||| qw: Version: 0.3-a-52-g30416fa
     0 | D:1      | 0 ||| qw: Game counter: 6700
     0 | D:1      | 0 ||| qw: Melee chars always use a shield: true
     0 | D:1      | 0 ||| qw: God list: Okawaru
     0 | D:1      | 0 ||| qw: Allow faded altars: false
     0 | D:1      | 0 ||| qw: Do Orc after clearing Dungeon:15 true
     0 | D:1      | 0 ||| qw: Do second Lair branch before Depths: true
     0 | D:1      | 0 ||| qw: Lair rune preference: random
     0 | D:1      | 0 ||| qw: Goals: Normal
     0 | D:1      | 0 ||| PLANNING D:1-11
    41 | D:1      | Found Gyuggix's Armour Boutique.
    49 | D:1      | 49 ||| SHOPLISTING +0 cloak (45 gold, have 15).
    49 | D:1      | 49 ||| SHOPLISTING +0 leather armour (20 gold, have 15).
    49 | D:1      | 49 ||| SHOPLISTING +2 cloak (165 gold, have 15).
    49 | D:1      | 49 ||| SHOPLISTING +2 robe of willpower (177 gold, have
                  | 15).
    75 | D:1      | Reached XP level 2. HP: 16/16 MP: 3/3
   168 | D:1      | Reached skill level 3 in Ranged Weapons
   533 | D:1      | Reached XP level 3. HP: 21/21 MP: 4/4
   629 | D:1      | 629 ||| READING scroll labelled CEDALE NAKLAN.
   630 | D:1      | 630 ||| READING scroll labelled DARAMNIFUI.
   631 | D:1      | 631 ||| DRINKING 2 amethyst potions.
   632 | D:1      | 632 ||| DROPPING scroll of poison.
   909 | D:2      | Reached XP level 4. HP: 26/26 MP: 5/5
   936 | D:2      | Reached skill level 4 in Ranged Weapons
  1247 | D:2      | 1247 ||| UPGRADING to +0 ring mail.
  1257 | D:2      | 1257 ||| DROPPING +0 robe.
  1258 | D:2      | 1258 ||| UPGRADING to +2 robe of cold resistance.
  1268 | D:2      | 1268 ||| DROPPING +0 ring mail.
  1269 | D:2      | 1269 ||| READING scroll labelled LABE HANWOI.
  1270 | D:2      | 1270 ||| DRINKING 2 fizzy clear potions.
  1283 | D:2      | 1283 ||| READING 3 scrolls of identify.
  1283 | D:2      | 1283 ||| IDENTIFYING viscous cyan potion
  1284 | D:2      | 1284 ||| READING 2 scrolls of identify.
  1284 | D:2      | 1284 ||| IDENTIFYING brown potion
  1285 | D:2      | 1285 ||| DROPPING potion of lignification.
  2052 | D:3      | 2052 ||| READING scroll labelled EDWOFI IK JED.
  2053 | D:3      | 2053 ||| READING scroll labelled EGETOE CUOSHI.
  2071 | D:3      | 2071 ||| READING scroll labelled YRICLIY JESYIQ.
  2074 | D:3      | 2074 ||| READING scroll labelled TECRON ULIMP.
  2086 | D:4      | 2086 ||| PLANNING SEWER
  2125 | D:4      | Found a hazy altar of Hepliaklqana.
  2125 | D:4      | Found an opulent altar of Gozag.
  2126 | D:4      | Found a broken altar of Ashenzari.
  2133 | D:4      | Found a sparkling altar of Nemelex Xobeh.
  2187 | D:4      | 2187 ||| Stepping ~*~*~tactically~*~*~ (outnumbered).
  2189 | D:4      | 2189 ||| Stepping ~*~*~tactically~*~*~ (outnumbered).
  2192 | D:4      | Noticed a phantom
  2200 | D:4      | 2200 ||| Stepping ~*~*~tactically~*~*~ (outnumbered).
  2202 | D:4      | HP: 6/26 [gnoll/+0 spear[a gnoll bouda] (2)]
  2203 | D:4      | 2203 ||| READING scroll of teleportation.
  2204 | D:4      | 2204 ||| DRINKING 2 potions of heal wounds.
  2212 | D:4      | Reached XP level 5. HP: 30/30 MP: 6/6
  2273 | D:4      | HP: 5/30 [orc/+1 short sword of speed (4)]
  2274 | D:4      | 2274 ||| DRINKING potion of heal wounds.
  2276 | D:4      | 2276 ||| DRINKING 3 potions of curing.
  2276 | D:4      | 2276 ||| (to cure confusion)
  2279 | D:4      | Reached skill level 5 in Ranged Weapons
  2332 | D:4      | Identified the ring "Tamo" {rCorr SInv}
  2363 | D:4      | Found a glowing drain.
  2364 | D:4      | 2364 ||| UPGRADING to amulet of faith.
  2369 | D:4      | 2369 ||| UPGRADING to ring "Tamo" {rCorr SInv}.
  2377 | Sewer    | Entered a sewer
  2387 | Sewer    | 2387 ||| Stepping ~*~*~tactically~*~*~ (water).
  2473 | Sewer    | Reached skill level 3 in Fighting
  2585 | Sewer    | Reached XP level 6. HP: 36/37 MP: 7/7
  2593 | Sewer    | HP: 8/37 [bullfrog (2)]
  2595 | Sewer    | HP: 2/37 [bullfrog (5)]
  2596 | Sewer    | Slain by a bullfrog

Levels and vault maps discovered:
D:1:      lightli_iron_boxes, layout_basic, serial_shops,
          nicolae_shop_tiny_statue_garden
D:2:      layout_basic, minmay_misc_feat_more_columns, item_on_display_a
D:3:      layout_basic
D:4:      layout_rooms, nicolae_overflow_quartered_altars,
          cheibrodos_sewer_entry_sluice
Sewer:    sewer_frog_island_01

Skill      XL: |  1  2  3  4  5 |
---------------+----------------+-----
Ranged Weapons | 3 4 5 |  5.6
Fighting       | 2 3 |  3.0
Dodging        | |  1.5
Spellcasting   | |  1.0
Hexes          | |  2.6

Action                     |  1- 3 |  4- 6 || total
---------------------------+-------+-------++-------
   Fire: Sling             |    93 |   250 ||   343
    Use: Scroll            |     2 |     8 ||    10
         Potion            |     1 |     4 ||     5
 Armour: Robe              |     9 |    89 ||    98
  Dodge: Dodged            |    27 |    99 ||   126

Table legend:
 A = Non-vault XP
 B = Vault XP
 C = Vault XP percentage of total XP
 D = Non-vault monster count
 E = Vault monster count
 F = Vault count percentage of total count
                 A         B        C        D         E       F
            +---------+---------+-------+---------+---------+-------
      Total |     214 |     153 |  41.7 |      70 |      27 |  27.8
            +---------+---------+-------+---------+---------+-------
        D:1 |      36 |       0 |   0.0 |      23 |       0 |   0.0
        D:2 |      73 |       0 |   0.0 |      16 |       0 |   0.0
        D:3 |      32 |       0 |   0.0 |      18 |       0 |   0.0
        D:4 |      73 |       3 |   3.9 |      13 |       2 |  13.3
      Sewer |       0 |     150 | 100.0 |       0 |      25 | 100.0
            +---------+---------+-------+---------+---------+-------
